 Dungeon Crawl Stone Soup version 0.29-a0-878-g7b45a56547 (webtiles) character file.

Game seed: 11726241919684539916

28 buhh the Cudgeller (level 3, -2/46 HPs)
             Began as a Meteoran Berserker on July 20, 2022.
             Was a Follower of Trog.
             Slain by a gnoll
             ... wielding a +0 club
              (5 damage)
             ... on level 2 of the Dungeon.
             The game lasted 00:00:38 (343 turns).

buhh the Cudgeller (Meteoran Berserker)              Turns: 343, Time: 00:00:38

Health: -2/46      AC:  2    Str: 20    XL:     3   Next: 50%
Magic:  4/4        EV: 12    Int:  9    God:    Trog [*.....]
Gold:   54         SH:  0    Dex: 13    Spells: 2/2 levels left

rFire   . . .      SeeInvis .   a - +0 mace
rCold   . . .      Faith    .   (no shield)
rNeg    . . .      Spirit   .   b - +0 animal skin
rPois   .          Reflect  .   (no helmet)
rElec   .          Harm     .   (no cloak)
rCorr   .          Rampage  .   (no gloves)
Will    .....                   (no boots)
Stlth   ..........              (no amulet)
HPRegen 0.15/turn               (no ring)
MPRegen 0.09/turn               (no ring)

@: berserking, glowing, very quick
A: sense surroundings 1, otherworldly, glowing, explore regen
a: Renounce Religion, Berserk


You were on level 2 of the Dungeon.
You worshipped Trog.
Trog was aware of your devotion.
You visited 1 branch of the dungeon, and saw 2 of its levels.

You collected 54 gold pieces.

Inventory:

Hand Weapons
 a - a +0 mace (weapon)
Armour
 b - a +0 animal skin (worn)
Jewellery
 e - a +4 ring of evasion
Scrolls
 c - 2 scrolls of blinking {unknown}
 g - a scroll of identify {unknown}
Potions
 d - a potion of brilliance {unknown}
 f - a potion of heal wounds {unknown}


   Skills:
 + Level 3.6 Fighting
 + Level 4.4 Maces & Flails
 + Level 3.0 Armour
 + Level 3.0 Dodging


You had 2 spell levels left.
You didn't know any spells.
Your spell library was empty.

Dungeon Overview and Level Annotations

Branches:
Dungeon (2/15) Zot: 849

Altars:


Innate Abilities, Weirdness & Mutations

You passively map a small area around you.
You are easily found by Zot.
You glow in the dark.
You regain HP and MP as you explore.


Message History

The hobgoblin is severely wounded.
The hobgoblin hits you.
You barely miss the hobgoblin.
The hobgoblin is severely wounded.
The gnoll closely misses you. The hobgoblin hits you.
The gnoll hits you with a +0 club.
You are too injured to fight recklessly!
You are too injured to fight recklessly!
You are too injured to fight recklessly!
You are too injured to fight recklessly!
You are too injured to fight recklessly!
You are too injured to fight recklessly!
You are too injured to fight recklessly!
You are too injured to fight recklessly!
You are too injured to fight recklessly!
You are too injured to fight recklessly!
You are too injured to fight recklessly!
You are too injured to fight recklessly!
A red film seems to cover your vision as you go berserk!
You feel yourself moving faster!
You feel mighty! The gnoll hits you with a +0 club!
The gnoll hits you but does no damage. The hobgoblin closely misses you.
The gnoll hits you with a +0 club!
* * * LOW HITPOINT WARNING * * *
You are too injured to fight recklessly!
You are too injured to fight recklessly!
You bludgeon the gnoll!!
You kill the gnoll!
Trog accepts your kill. The hobgoblin hits you.
* * * LOW HITPOINT WARNING * * *
The gnoll hits you with a +0 club.
* * * LOW HITPOINT WARNING * * *
The gnoll barely misses you.
A bat comes into view.
Your Armour skill increases to level 3!
Your Dodging skill increases to level 3!
You hit the gnoll.
The gnoll is heavily wounded.
The gnoll hits you with a +0 club.
You die...

, , , *
.......... ,
.......... ,
..b......# , ,
.........#*, ,
......$..# , ,
...$.....#### ,
......ggg...# ,
#....)@# ,,
#.....)#
#......# ** , *
#......##
#.......#### ,
#######....###.
#........ *
#...##..# ,
#........


You could see 2 gnolls, a hobgoblin and a bat.

Vanquished Creatures
  A gnoll (D:2)
  An endoplasm (D:1)
  2 giant cockroaches (D:1)
  A goblin (D:2)
  2 hobgoblins (D:1)
  2 kobolds (D:2)
  3 ball pythons (D:1)
  3 bats (D:1)
  3 frilled lizards (D:1)
  2 rats (D:1)
20 creatures vanquished.

Notes
Turn   | Place    | Note
-------+----------+-------------------------------------------
     0 | D:1      | buhh the Meteoran Berserker began the quest for the Orb.
     0 | D:1      | Reached XP level 1. HP: 19/19 MP: 2/2
    72 | D:1      | Found a faded altar of an unknown god.
    79 | D:1      | Reached XP level 2. HP: 21/26 MP: 3/3
   309 | D:1      | You fall into a shaft and drop 1 floor!
   318 | D:2      | Reached XP level 3. HP: 31/31 MP: 4/4
   343 | D:2      | Slain by a gnoll

Illustrated notes

Levels and vault maps discovered:
D:1:      matt_arrival_spirals, layout_rooms,
          ebering_ecumenical_altar_sacrificial, minmay_tetromino_i4
D:2:      layout_rooms, basic_altar

Skill      XL: |  1  2  3 |
---------------+----------+-----
Armour         | 3 |  3.0
Dodging        | 3 |  3.0
Fighting       | |  3.6
Maces & Flails | |  4.4

Action                   || total
-------------------------++-------
Melee: Mace              ||    42
       Punch             ||     2
Invok: Berserk           ||     1
Armor: Animal skin       ||     7
Dodge: Dodged            ||    27

Table legend: (Time is in decaauts)
 A = Elapsed time spent in this place.
 B = Non-inter-level travel time spent in this place.
 C = Inter-level travel time spent in this place.
 D = Time resting spent in this place.
 E = Time spent auto-exploring this place.
 F = Levels seen in this place.
 G = Mean time per level.
                   A        B        C        D        E       F      G
               +--------+--------+--------+--------+--------+-----+--------+
         Total |    350 |    350 |      0 |      0 |    254 |   2 |  175.0 |
       Dungeon |    350 |    350 |      0 |      0 |    254 |   2 |  175.0 |
               +--------+--------+--------+--------+--------+-----+--------+

Top non-repeatable levels by time:
     D:1: 314 daAuts
     D:2: 35 daAuts
